 Dungeon Crawl Stone Soup version 0.31-a0-233-g139696dc86 (webtiles) character file.

Game seed: 15240804891931095155

29 qw the Shooter (level 3, -1/29 HPs)
             Began as a Minotaur Hexslinger on July 8, 2023.
             Hit by a goblin thrown by Robin (3 damage)
             ... on level 1 of the Dungeon.
             The game lasted 00:00:17 (1031 turns).

qw the Shooter (Minotaur Hexslinger)                Turns: 1031, Time: 00:00:17

Health: -1/29      AC:  2    Str: 12    XL:     3   Next: 1%
Magic:  3/3        EV: 12    Int: 10    God:
Gold:   42         SH:  0    Dex: 14    Spells: 3/4 levels left

rFire   . . .        Y - +1 sling
rCold   . . .        (no shield)
rNeg    . . .        c - +0 robe
rPois   .            (helmet restricted)
rElec   .            (no cloak)
rCorr   .            (no gloves)
SInv    .            (no boots)
Will    .....        (no amulet)
Stlth   +            (no ring)
HPRegen 0.24/turn    (no ring)
MPRegen 0.08/turn

%: no passive effects
@: no status effects
A: horns 2, retaliatory headbutt
a: no special abilities


You were on level 1 of the Dungeon.
You visited 1 branch of the dungeon, and saw 2 of its levels.

You collected 42 gold pieces.


Innate Abilities, Weirdness & Mutations

You have a pair of horns on your head.
You reflexively headbutt those who attack you in melee.


   Skills:
 - Level 2.0 Fighting
 + Level 3.6 Ranged Weapons
 - Level 2.1 Dodging
 - Level 1.0 Spellcasting
 - Level 2.0 Hexes


You had 3 spell levels left.
You knew the following spells:

 Your Spells              Type           Power      Damage    Failure   Level
a - Slow                  Hex            16%        N/A       16%         1

Your spell library contained the following spells:

 Spells                   Type           Power      Damage    Failure   Level
 Inner Flame              Hex/Fire       2%         N/A       56%         3
 Portal Projectile        Hex/Tloc       4%         N/A       56%         3
 Cause Fear               Hex            2%         N/A       83%         4

Inventory:

Hand Weapons
 Y - a +1 sling (weapon)
Armour
 c - a +0 robe (worn)
Scrolls
 a - a scroll of identify
Potions
 e - a potion of curing {unknown}

Dungeon Overview and Level Annotations

Branches:
Dungeon (2/15)

Altars:

Shops:
D:1 (

Annotations:
D:1 Robin


Message History

You shoot a sling bullet. The sling bullet barely misses Robin.
A hobgoblin comes into view.
Robin roars a battlecry!
The goblins go into a battle-frenzy!
Robin throws the goblin at you!
A goblin comes into view. It is wielding a +0 dagger.
You hear an angry hiss.
You shoot a sling bullet. The sling bullet hits Robin.
Robin is moderately wounded.
The goblin closely misses you. Robin throws the goblin at you!
You shoot a sling bullet.
The sling bullet hits Robin but does no damage.
Robin is moderately wounded.
The goblin closely misses you. You furiously retaliate!
You headbutt the goblin, but do no damage.
A goblin comes into view. It is wielding a +0 club.
The goblin hits you with a +0 dagger.
Robin says, "Feeling lonely?"
Robin roars a battlecry!
The goblin goes into a battle-frenzy!
The goblin shouts!
1027 ||| STAIRDANCE The goblin barely misses you.
The goblin hits you with a +0 dagger. Robin hits you with a +0 dagger.
You climb upwards.
There is a stone staircase leading down here.
You shoot a sling bullet. The sling bullet barely misses Robin.
The goblin misses you. You furiously retaliate!
You headbutt the goblin. The goblin hits you with a +0 dagger.
Robin barely misses you.
You shoot a sling bullet.
The sling bullet closely misses the goblin.
The goblin hits you with a +0 dagger. x2; Robin hits you but does no damage.
You shoot a sling bullet.
The sling bullet barely misses the goblin.
The goblin closely misses you. The goblin barely misses you.
Robin barely misses you. The goblin misses you. You furiously retaliate!
You headbutt the goblin.
You kill the goblin!
The goblin hits you with a +0 dagger. Robin throws the goblin at you!
You die...

#.# #####.#7# 7..7## #.#.. ##.##
##..## #7~7.###..##
##...##########.#..####.........#
...............###....'.........'
.#.....########.#..####.........#
.##.##.# #........# ##.......##
.#####.# #.##...#.# ##.....##
.......# #.#..)...# ##...##
######.# #.#..@g..# ##'## .# #.#
#.#.g))..# #.# .# #.#
#.##...#.#######.# ## .# #.#
#.............##.####. .# #.#
####..........#...##.# .# #.#
#...#####........## .#####.#
#...# #..#)..##.# ....(..# ##..#
#..##.####. .####### #..#
#..........


You could see Robin and a goblin (strong).

Vanquished Creatures
  A ball python (D:1)
  2 endoplasms (D:1)
  2 giant cockroaches (D:1)
  7 goblins
  2 hobgoblins (D:1)
  2 quokkas
  2 bats (D:1)
  2 frilled lizards (D:1)
  4 kobolds (D:1)
  3 rats (D:1)
27 creatures vanquished.

Notes
Turn   | Place    | Note
-------+----------+-------------------------------------------
     0 | D:1      | qw the Minotaur Hexslinger began the quest for the Orb.
     0 | D:1      | Reached XP level 1. HP: 16/16 MP: 1/1
     0 | D:1      | 0 ||| qw: Version: 0.3-a-46-gb1f654a
     0 | D:1      | 0 ||| qw: Game counter: 3449
     0 | D:1      | 0 ||| qw: Melee chars always use a shield: true
     0 | D:1      | 0 ||| qw: God list: Okawaru
     0 | D:1      | 0 ||| qw: Allow faded altars: false
     0 | D:1      | 0 ||| qw: Do Orc after clearing Dungeon:15 true
     0 | D:1      | 0 ||| qw: Do second Lair branch before Depths: true
     0 | D:1      | 0 ||| qw: Lair rune preference: random
     0 | D:1      | 0 ||| qw: Goals: Normal
     0 | D:1      | 0 ||| PLANNING D:1-11
    24 | D:1      | 24 ||| Stepping ~*~*~tactically~*~*~ (water).
   190 | D:1      | Reached skill level 3 in Ranged Weapons
   222 | D:1      | Reached XP level 2. HP: 23/23 MP: 2/2
   223 | D:1      | Found Miluruc's Weapon Shop.
   228 | D:1      | 228 ||| SHOPLISTING +1 orcbow of flaming (133 gold, have
                  | 27).
   922 | D:1      | 922 ||| READING 2 scrolls labelled AHUIDYL OCSIXKAH.
   923 | D:1      | 923 ||| DROPPING scroll of poison.
   946 | D:2      | Noticed Robin
   948 | D:2      | 948 ||| STAIRDANCE
  1002 | D:2      | 1002 ||| STAIRDANCE
  1005 | D:1      | Reached XP level 3. HP: 25/29 MP: 3/3
  1027 | D:2      | 1027 ||| STAIRDANCE
  1030 | D:1      | HP: 7/29 [goblin/+0 dagger[Robin] (5)]
  1031 | D:1      | HP: 2/29 [goblin/+0 dagger[Robin] (3)]
  1031 | D:1      | Hit by a goblin thrown by Robin

Levels and vault maps discovered:
D:1:      saegor_arrival_under_anarchy, layout_loops_corners, serial_shops, shop
D:2:      layout_basic, nicolae_titane, uniq_crazy_yiuf_cottage, uniq_robin,
          uniq_natasha

Skill      XL: |  1  2 |
---------------+-------+-----
Ranged Weapons | 3 |  3.6
Fighting       | 2 |  2.0
Dodging        | |  2.1
Spellcasting   | |  1.0
Hexes          | |  2.0

Action                     || total
---------------------------++-------
   Fire: Sling             ||    65
    Use: Scroll            ||     1
 Armour: Robe              ||     4
  Dodge: Dodged            ||    26

Table legend:
 A = Non-vault XP
 B = Vault XP
 C = Vault XP percentage of total XP
 D = Non-vault monster count
 E = Vault monster count
 F = Vault count percentage of total count
                 A         B        C        D         E       F
            +---------+---------+-------+---------+---------+-------
      Total |      33 |      11 |  25.0 |      21 |       6 |  22.2
            +---------+---------+-------+---------+---------+-------
        D:1 |      31 |       8 |  20.5 |      20 |       4 |  16.7
        D:2 |       2 |       3 |  60.0 |       1 |       2 |  66.7
            +---------+---------+-------+---------+---------+-------
